TOP OF THE 1ST |
University of Oklahoma Sooners batting - Pitching for Mississippi State University Bulldogs : RHP Willie Berumen
|
Pitching: RHP Willie Berumen
|
|
Batting: RHB Virgil Wenz
|
0-0: Ball 1-0: Called Strike 1-1: Ground out 5-3 (Groundball, 56, EV 107.5 MPH)
|
Batting: LHB Jon Terrones
|
0-0: Swinging Strike 0-1: Called Strike 0-2: Strikes out swinging
|
Batting: RHB Jon Chatman
|
0-0: Swinging Strike 0-1: Ball 1-1: Ball 2-1: Foul Ball, location: 2F 2-2: Ball 3-2: Base on Balls
|
Batting: RHB Ruben Arreola
|
0-0: Ball Jon Chatman is caught stealing 2nd base 2-4
|
Top of the 1st over - 0 runs, 0 hits, 0 errors, 0 left on base; University of Oklahoma 0 - Mississippi State University 0 |
BOTTOM OF THE 1ST |
Mississippi State University Bulldogs batting - Pitching for University of Oklahoma Sooners : RHP Frank Diego
|
Pitching: RHP Frank Diego
|
|
Batting: RHB Alvin Abarca
|
0-0: Ball 1-0: Ball 2-0: Called Strike 2-1: Ball 3-1: Called Strike 3-2: Strikes out swinging
|
Batting: RHB Josh Stene
|
0-0: Called Strike 0-1: Foul Ball, location: 2F 0-2: Strikes out looking
|
Batting: LHB Ricardo Ramos
|
0-0: Called Strike 0-1: Foul Ball, location: 2F 0-2: Ball 1-2: Ball 2-2: Ball 3-2: Base on Balls
|
Batting: LHB Danny Shanahan
|
0-0: SINGLE (Groundball, 34, EV 98.8 MPH) Ricardo Ramos to second Throwing error, E9 Ricardo Ramos scores Danny Shanahan to second
|
Batting: RHB Alexis Gallegos
|
0-0: Called Strike 0-1: Foul Ball, location: 2F 0-2: Ball 1-2: Ground out 6-3 (Groundball, 6, EV 94.4 MPH)
|
Bottom of the 1st over - 1 run, 1 hit, 1 error, 1 left on base; University of Oklahoma 0 - Mississippi State University 1 |
TOP OF THE 2ND |
University of Oklahoma Sooners batting - Pitching for Mississippi State University Bulldogs : RHP Willie Berumen
|
Batting: RHB Ruben Arreola
|
0-0: Ball 1-0: Fly out, F7 (Flyball, 7D, EV 102.5 MPH)
|
Batting: RHB Sugiarto Kartosuwiryo
|
0-0: SINGLE (Groundball, 4S, EV 68.8 MPH) (infield hit)
|
Batting: LHB Pedro Marrero
|
0-0: Ball 1-0: Called Strike 1-1: Swinging Strike 1-2: Ball 2-2: Ball 3-2: Base on Balls Sugiarto Kartosuwiryo to second
|
Batting: RHB David Stuckey
|
0-0: SINGLE (Groundball, 4MD, EV 98.8 MPH) Sugiarto Kartosuwiryo to third Pedro Marrero to second
|
Batting: RHB Kjeld Leen
|
0-0: Reached on error, E4 (Groundball, 6M, EV 108.1 MPH) Sugiarto Kartosuwiryo scores Pedro Marrero to third David Stuckey to second
|
Batting: LHB Nelson Morales
|
0-0: Swinging Strike 0-1: Foul Ball, location: 2F 0-2: Ball 1-2: Foul Ball, location: 2F 1-2: Strikes out swinging
|
Batting: RHB Virgil Wenz
|
0-0: Called Strike 0-1: Foul Ball, location: 2F 0-2: Strikes out swinging
|
Top of the 2nd over - 1 run, 2 hits, 1 error, 3 left on base; University of Oklahoma 1 - Mississippi State University 1 |
BOTTOM OF THE 2ND |
Mississippi State University Bulldogs batting - Pitching for University of Oklahoma Sooners : RHP Frank Diego
|
Batting: LHB Vinnie Kalman
|
0-0: Foul Ball, location: 2F 0-1: SINGLE (Groundball, 56, EV 97.5 MPH)
|
Batting: RHB Chris Everett
|
0-0: Swinging Strike 0-1: Foul Ball, location: 2F 0-2: Foul Ball, location: 2F 0-2: DOUBLE (Groundball, 5L, EV 100.6 MPH) Vinnie Kalman to third
|
Batting: RHB Bill Petipas
|
0-0: Called Strike 0-1: Ball 1-1: Ball 2-1: Foul Ball, location: 2F 2-2: Foul Ball, location: 2F 2-2: Ball 3-2: Strikes out swinging
|
Batting: RHB Josh Simmons
|
0-0: Ball 1-0: Called Strike 1-1: Ball 2-1: Foul Ball, location: 2F 2-2: Foul Ball, location: 2F 2-2: Ball 3-2: Strikes out swinging
|
Batting: RHB Alvin Abarca
|
0-0: Ground out 2-3 (Groundball, 15S, EV 70.0 MPH)
|
Bottom of the 2nd over - 0 runs, 2 hits, 0 errors, 2 left on base; University of Oklahoma 1 - Mississippi State University 1 |
TOP OF THE 3RD |
University of Oklahoma Sooners batting - Pitching for Mississippi State University Bulldogs : RHP Willie Berumen
|
Batting: LHB Jon Terrones
|
0-0: Ball 1-0: Foul Ball, location: 2F 1-1: Foul Ball, location: 2F 1-2: SINGLE (Groundball, 4S, EV 62.5 MPH) (infield hit)
|
Batting: RHB Jon Chatman
|
0-0: Ball 1-0: Called Strike 1-1: Fly out, F8 (Flyball, 8LD, EV 90.6 MPH)
|
Batting: RHB Ruben Arreola
|
0-0: Called Strike Jon Terrones steals 2nd base 0-1: Ball 1-1: SINGLE (Line Drive, 78M, EV 92.5 MPH) Jon Terrones to third Runner from 3rd tries for Home, SAFE, throw by CF to home
|
Batting: RHB Sugiarto Kartosuwiryo
|
0-0: Called Strike 0-1: Foul Ball, location: 2F 0-2: Foul Ball, location: 2F 0-2: Ball 1-2: Foul Ball, location: 2F 1-2: Strikes out swinging
|
Batting: LHB Pedro Marrero
|
0-0: Called Strike 0-1: Ball 1-1: Ball 2-1: Fly out, F8 (Flyball, 8LXD, EV 91.9 MPH)
|
Top of the 3rd over - 1 run, 2 hits, 0 errors, 1 left on base; University of Oklahoma 2 - Mississippi State University 1 |
BOTTOM OF THE 3RD |
Mississippi State University Bulldogs batting - Pitching for University of Oklahoma Sooners : RHP Frank Diego
|
Batting: RHB Josh Stene
|
0-0: Ball 1-0: Ground out 5-3 (Groundball, 5S, EV 85.6 MPH)
|
Batting: LHB Ricardo Ramos
|
0-0: Called Strike 0-1: Called Strike 0-2: Fly out, F9 (Flyball, 9LS, EV 95.0 MPH)
|
Batting: LHB Danny Shanahan
|
0-0: Ball 1-0: Fly out, F9 (Flyball, 9, EV 82.5 MPH)
|
Bottom of the 3rd over - 0 runs, 0 hits, 0 errors, 0 left on base; University of Oklahoma 2 - Mississippi State University 1 |
TOP OF THE 4TH |
University of Oklahoma Sooners batting - Pitching for Mississippi State University Bulldogs : RHP Willie Berumen
|
Batting: RHB David Stuckey
|
0-0: Called Strike 0-1: Called Strike 0-2: Strikes out looking
|
Batting: RHB Kjeld Leen
|
0-0: Ball 1-0: Called Strike 1-1: Swinging Strike 1-2: Strikes out swinging
|
Batting: LHB Nelson Morales
|
0-0: Called Strike 0-1: Ball 1-1: Foul Ball, location: 2F 1-2: Foul Ball, location: 2F 1-2: DOUBLE (Line Drive, 7LD, EV 113.8 MPH)
|
Batting: RHB Virgil Wenz
|
0-0: Called Strike 0-1: Ball 1-1: Foul Ball, location: 2F 1-2: Ball 2-2: Foul Ball, location: 2F 2-2: Ball Wild Pitch! Nelson Morales to third 3-2: SINGLE (Groundball, 34D, EV 98.1 MPH) Nelson Morales scores
|
Batting: LHB Jon Terrones
|
0-0: Called Strike Virgil Wenz steals 2nd, throwing error, E2 Virgil Wenz to third 0-1: Foul Ball, location: 2F 0-2: Ball 1-2: Strikes out swinging
|
Top of the 4th over - 1 run, 2 hits, 1 error, 1 left on base; University of Oklahoma 3 - Mississippi State University 1 |
BOTTOM OF THE 4TH |
Mississippi State University Bulldogs batting - Pitching for University of Oklahoma Sooners : RHP Frank Diego
|
Batting: RHB Alexis Gallegos
|
0-0: Called Strike 0-1: Swinging Strike 0-2: Ball 1-2: Ball 2-2: Ball 3-2: SINGLE (Groundball, 4, EV 102.5 MPH)
|
Batting: LHB Vinnie Kalman
|
0-0: DOUBLE (Line Drive, 7LD, EV 103.1 MPH) Alexis Gallegos to third
|
Batting: RHB Chris Everett
|
0-0: Foul Ball, location: 2F 0-1: Called Strike 0-2: Strikes out swinging
|
Batting: RHB Bill Petipas
|
0-0: Called Strike 0-1: Ball 1-1: Ball 2-1: DOUBLE (Line Drive, 89XD, EV 113.8 MPH) Alexis Gallegos scores Vinnie Kalman scores
|
Batting: RHB Josh Simmons
|
0-0: Ball 1-0: Foul Ball, location: 2F 1-1: Reached on error, E6 (Groundball, 6, EV 81.9 MPH) Bill Petipas to third
|
Batting: RHB Alvin Abarca
|
0-0: Ball Wild Pitch! Bill Petipas scores Josh Simmons to second 1-0: Ball 2-0: Foul Ball, location: 2F 2-1: Called Strike 2-2: Ball 3-2: Fly out, F8 (Flyball, 89S, EV 92.5 MPH)
|
Batting: RHB Josh Stene
|
0-0: Called Strike 0-1: Ball 1-1: Called Strike 1-2: Foul Ball, location: 2F 1-2: DOUBLE (Line Drive, 89XD, EV 107.5 MPH) Josh Simmons scores
|
Pitching: LHP Chris Taggart
|
|
Batting: LHB Ricardo Ramos
|
0-0: Ball 1-0: Foul Ball, location: 2F 1-1: Ball 2-1: SINGLE (Groundball, 34D, EV 86.9 MPH) (infield hit) Josh Stene to third
|
Batting: LHB Danny Shanahan
|
0-0: Ball 1-0: Ball 2-0: Foul Ball, location: 2F 2-1: Ground out 1-3 (Groundball, 13S, EV 71.9 MPH)
|
Bottom of the 4th over - 4 runs, 5 hits, 1 error, 2 left on base; University of Oklahoma 3 - Mississippi State University 5 |
TOP OF THE 5TH |
University of Oklahoma Sooners batting - Pitching for Mississippi State University Bulldogs : RHP Willie Berumen
|
Batting: RHB Jon Chatman
|
0-0: Ball 1-0: Ball 2-0: Called Strike 2-1: Called Strike 2-2: Foul Ball, location: 2F 2-2: Foul Ball, location: 2F 2-2: Ball 3-2: Foul Ball, location: 2F 3-2: Base on Balls
|
Batting: RHB Ruben Arreola
|
0-0: Ball 1-0: Called Strike Jon Chatman is caught stealing 2nd base 2-4 1-1: Ground out 4-3 (Groundball, 4, EV 103.8 MPH)
|
Batting: RHB Sugiarto Kartosuwiryo
|
0-0: Foul Ball, location: 2F 0-1: Foul Ball, location: 2F 0-2: Ball 1-2: Foul Ball, location: 2F 1-2: Foul Ball, location: 2F 1-2: SOLO HOME RUN (Flyball, 8RXD, EV 105.6 MPH), Distance : 434 ft
|
Batting: LHB Pedro Marrero
|
0-0: Ball 1-0: Foul Ball, location: 2F 1-1: Foul Ball, location: 2F 1-2: Fly out, F8 (Flyball, 8RXD, EV 100.6 MPH)
|
Top of the 5th over - 1 run, 1 hit, 0 errors, 0 left on base; University of Oklahoma 4 - Mississippi State University 5 |
BOTTOM OF THE 5TH |
Mississippi State University Bulldogs batting - Pitching for University of Oklahoma Sooners : LHP Chris Taggart
|
Batting: RHB Alexis Gallegos
|
0-0: Called Strike 0-1: Called Strike 0-2: Ball 1-2: Ball 2-2: Ball 3-2: Base on Balls
|
Batting: LHB Vinnie Kalman
|
0-0: Called Strike 0-1: Ball 1-1: Swinging Strike 1-2: Ball 2-2: Ball 3-2: Foul Ball, location: 2F 3-2: Fly out, F4 (Line Drive, 4, EV 76.9 MPH)
|
Batting: RHB Chris Everett
|
0-0: Ball 1-0: Ball 2-0: Ball Alexis Gallegos steals 2nd base 3-0: Called Strike 3-1: Called Strike 3-2: Foul Ball, location: 2F 3-2: SINGLE (Groundball, 56D, EV 98.8 MPH) Alexis Gallegos to third Runner from 3rd tries for Home, SAFE, throw by LF to home
|
Batting: RHB Bill Petipas
|
0-0: Foul Ball, location: 2F 0-1: Ball 1-1: Called Strike 1-2: Foul Ball, location: 2F 1-2: Ball 2-2: SINGLE (Groundball, P, EV 85.6 MPH) (infield hit) Chris Everett to second
|
Batting: RHB Josh Simmons
|
0-0: Ball 1-0: Ball 2-0: Ball 3-0: Called Strike 3-1: Foul Ball, location: 2F 3-2: Base on Balls Chris Everett to third Bill Petipas to second
|
Batting: RHB Alvin Abarca
|
0-0: Ball 1-0: Swinging Strike 1-1: Swinging Strike 1-2: Strikes out swinging
|
Batting: RHB Josh Stene
|
0-0: Ball 1-0: Foul Ball, location: 2F 1-1: Called Strike 1-2: Foul Ball, location: 2F 1-2: SINGLE (Groundball, 4D, EV 101.9 MPH) Chris Everett scores Bill Petipas to third Josh Simmons to second Runner from 3rd tries for Home, SAFE, throw by CF to home
|
Batting: LHB Ricardo Ramos
|
0-0: Fielders Choice at 2nd, 5-4 (Groundball, 5, EV 107.5 MPH)
|
Bottom of the 5th over - 3 runs, 3 hits, 0 errors, 2 left on base; University of Oklahoma 4 - Mississippi State University 8 |
TOP OF THE 6TH |
University of Oklahoma Sooners batting - Pitching for Mississippi State University Bulldogs : RHP Willie Berumen
|
Batting: RHB David Stuckey
|
0-0: Called Strike 0-1: Swinging Strike 0-2: Strikes out swinging
|
Batting: RHB Kjeld Leen
|
0-0: Swinging Strike 0-1: Ball 1-1: Foul Ball, location: 2F 1-2: Strikes out looking
|
Batting: LHB Nelson Morales
|
0-0: Called Strike 0-1: Foul Ball, location: 2F 0-2: Foul Ball, location: 2F 0-2: Foul Ball, location: 2F 0-2: Foul Ball, location: 2F 0-2: Fly out, F9 (Flyball, 9D, EV 87.5 MPH)
|
Top of the 6th over - 0 runs, 0 hits, 0 errors, 0 left on base; University of Oklahoma 4 - Mississippi State University 8 |
BOTTOM OF THE 6TH |
Mississippi State University Bulldogs batting - Pitching for University of Oklahoma Sooners : LHP Chris Taggart
|
Pitching: RHP Alex Mendoza
|
|
Batting: LHB Danny Shanahan
|
0-0: Swinging Strike 0-1: Reached on error, E5 (Groundball, 56S, EV 85.0 MPH)
|
Batting: RHB Alexis Gallegos
|
0-0: Called Strike 0-1: Ball 1-1: SINGLE (Groundball, 6MD, EV 101.9 MPH) Danny Shanahan to third Runner from 3rd tries for Home, SAFE, throw by CF to home
|
Batting: LHB Vinnie Kalman
|
0-0: Ball 1-0: Ball 2-0: Foul Ball, location: 2F 2-1: Ball 3-1: Called Strike 3-2: Base on Balls Alexis Gallegos to second
|
Batting: RHB Chris Everett
|
0-0: Ball 1-0: Called Strike 1-1: Swinging Strike 1-2: Ball 2-2: Foul Ball, location: 2F 2-2: Foul Ball, location: 2F 2-2: SINGLE (Flyball, 89S, EV 91.2 MPH) Alexis Gallegos to third Vinnie Kalman to second Runner from 3rd tries for Home, throw by RF and OUT! 9-2
|
Batting: RHB Bill Petipas
|
0-0: Called Strike 0-1: Ball 1-1: Foul Ball, location: 2F 1-2: Ball 2-2: Fly out, F2 (Popup, 3SF, EV 82.5 MPH)
|
Batting: RHB Josh Simmons
|
0-0: Ball 1-0: 3-RUN HOME RUN (Flyball, 7D, EV 96.2 MPH), Distance : 366 ft
|
Pitching: LHP Keith Brushett
|
|
Batting: RHB Alvin Abarca
|
0-0: Called Strike 0-1: Ball 1-1: Ball 2-1: DOUBLE (Line Drive, 9LM, EV 112.5 MPH)
|
Batting: RHB Josh Stene
|
0-0: Called Strike 0-1: Foul Ball, location: 2F 0-2: Ball 1-2: 2-RUN HOME RUN (Flyball, 78XD, EV 105.0 MPH), Distance : 431 ft
|
Batting: LHB Ricardo Ramos
|
0-0: Swinging Strike 0-1: Swinging Strike 0-2: Hit by Pitch
|
Batting: LHB Danny Shanahan
|
0-0: Ball 1-0: Swinging Strike 1-1: SINGLE (Line Drive, 4D, EV 95.0 MPH) Ricardo Ramos to second
|
Batting: RHB Alexis Gallegos
|
0-0: Ball 1-0: Swinging Strike 1-1: Ball 2-1: Ground out 4-3 (Groundball, 4, EV 105.0 MPH)
|
Bottom of the 6th over - 6 runs, 6 hits, 1 error, 2 left on base; University of Oklahoma 4 - Mississippi State University 14 |
TOP OF THE 7TH |
University of Oklahoma Sooners batting - Pitching for Mississippi State University Bulldogs : RHP Willie Berumen
|
Pitching: RHP Sa'ng Dai
|
|
Batting: RHB Virgil Wenz
|
0-0: Ball 1-0: Called Strike 1-1: Swinging Strike 1-2: Ball 2-2: Foul Ball, location: 2F 2-2: Fly out, F9 (Line Drive, 89M, EV 98.8 MPH)
|
Batting: LHB Jon Terrones
|
0-0: Ball 1-0: Swinging Strike 1-1: Foul Ball, location: 2F 1-2: Foul Ball, location: 2F 1-2: Foul Ball, location: 2F 1-2: Foul Ball, location: 2F 1-2: Strikes out swinging
|
Batting: RHB Jon Chatman
|
0-0: SINGLE (Groundball, 4MD, EV 98.8 MPH)
|
Batting: RHB Ruben Arreola
|
0-0: Called Strike Jon Chatman steals 2nd base (no throw) 0-1: Ball 1-1: Ball 2-1: Ball 3-1: Base on Balls
|
Batting: RHB Sugiarto Kartosuwiryo
|
0-0: Ball 1-0: Ball 2-0: Foul Ball, location: 2F 2-1: Swinging Strike 2-2: Strikes out swinging
|
Top of the 7th over - 0 runs, 1 hit, 0 errors, 2 left on base; University of Oklahoma 4 - Mississippi State University 14 |
BOTTOM OF THE 7TH |
Mississippi State University Bulldogs batting - Pitching for University of Oklahoma Sooners : LHP Keith Brushett
|
Batting: LHB Vinnie Kalman
|
0-0: Called Strike 0-1: Foul Ball, location: 2F 0-2: Ground out 1-3 (Groundball, 13S, EV 67.5 MPH)
|
Batting: RHB Chris Everett
|
0-0: Swinging Strike 0-1: Ball 1-1: Ball 2-1: Ball 3-1: Base on Balls
|
Batting: RHB Bill Petipas
|
0-0: Called Strike 0-1: Called Strike 0-2: Ball 1-2: Fly out, F2 (Popup, 23F, EV 82.5 MPH)
|
Batting: RHB Josh Simmons
|
0-0: Ball 1-0: Ball 2-0: Swinging Strike 2-1: Ground out U3 (Groundball, 3, EV 86.9 MPH)
|
Bottom of the 7th over - 0 runs, 0 hits, 0 errors, 1 left on base; University of Oklahoma 4 - Mississippi State University 14 |
TOP OF THE 8TH |
University of Oklahoma Sooners batting - Pitching for Mississippi State University Bulldogs : RHP Sa'ng Dai
|
Batting: LHB Pedro Marrero
|
0-0: Ball 1-0: Ball 2-0: Ground out 4-3 (Groundball, 4, EV 88.8 MPH)
|
Pinch Hitting: SHB Orlando Uribe
|
0-0: Foul Ball, location: 2F 0-1: Ground out U3 (Groundball, 3, EV 88.1 MPH)
|
Batting: RHB Kjeld Leen
|
0-0: Swinging Strike 0-1: Foul Ball, location: 2F 0-2: Ball 1-2: Strikes out swinging
|
Top of the 8th over - 0 runs, 0 hits, 0 errors, 0 left on base; University of Oklahoma 4 - Mississippi State University 14 |
BOTTOM OF THE 8TH |
Mississippi State University Bulldogs batting - Pitching for University of Oklahoma Sooners : LHP Keith Brushett
|
Now at 2B: Myles Sabine
|
|
Batting: RHB Alvin Abarca
|
0-0: Foul Ball, location: 2F 0-1: Ball 1-1: Foul Ball, location: 2F 1-2: Strikes out looking
|
Batting: RHB Josh Stene
|
0-0: Called Strike 0-1: Ball 1-1: SINGLE (Line Drive, 78S, EV 111.9 MPH)
|
Pitching: LHP Jeff Bruggeman
|
|
Batting: LHB Ricardo Ramos
|
0-0: Fly out, F7 (Line Drive, 7, EV 89.4 MPH)
|
Batting: LHB Danny Shanahan
|
0-0: Ball 1-0: Ball 2-0: Ground out 4-3 (Groundball, 4, EV 107.5 MPH)
|
Bottom of the 8th over - 0 runs, 1 hit, 0 errors, 1 left on base; University of Oklahoma 4 - Mississippi State University 14 |
TOP OF THE 9TH |
University of Oklahoma Sooners batting - Pitching for Mississippi State University Bulldogs : RHP Sa'ng Dai
|
Batting: LHB Nelson Morales
|
0-0: Ball 1-0: Foul Ball, location: 2F 1-1: Swinging Strike 1-2: Strikes out swinging
|
Batting: RHB Virgil Wenz
|
0-0: Ball 1-0: Foul Ball, location: 2F 1-1: Ball 2-1: Swinging Strike 2-2: Foul Ball, location: 2F 2-2: Foul Ball, location: 2F 2-2: Foul Ball, location: 2F 2-2: Foul Ball, location: 2F 2-2: Foul Ball, location: 2F 2-2: Reached on error, E4 (Groundball, 4, EV 101.2 MPH)
|
Batting: LHB Jon Terrones
|
0-0: Called Strike 0-1: Ball 1-1: Called Strike 1-2: Ball 2-2: Ball 3-2: Fly out, F8 (Line Drive, 8RD, EV 91.9 MPH)
|
Pitching: RHP Fernando Montoya
|
|
Batting: RHB Jon Chatman
|
0-0: Fly out, F8 (Flyball, 89D, EV 92.5 MPH)
|
Top of the 9th over - 0 runs, 0 hits, 1 error, 1 left on base; University of Oklahoma 4 - Mississippi State University 14 |
|